 Dungeon Crawl Stone Soup version 0.23.2-1-ga50397a6bc (webtiles) character file.

Game seed: 4794293069412927864

555 Mrkan the Cudgeler (level 7, -7/44 HPs)
             Began as a Gargoyle Fighter on May 17, 2019.
             Killed by divine providence
             ... invoked by an orc priest
              (16 damage)
             ... on level 4 of the Dungeon.
             The game lasted 00:10:16 (3608 turns).

Mrkan the Cudgeler (Gargoyle Fighter)               Turns: 3608, Time: 00:10:17

Health: -7/44      AC: 12    Str: 24    XL:     7   Next: 30%
Magic:  7/7        EV:  7    Int: 11    God:
Gold:   191        SH: 10    Dex:  9    Spells: 6/6 levels left

rFire    . . .     SeeInvis .   a - +0 flail
rCold    . . .     Gourm    .   c - +0 shield
rNeg     + . .     Faith    .   b - +0 scale mail
rPois    ∞         Spirit   .   (no helmet)
rElec    +         Reflect  .   (no cloak)
rCorr    .         Harm     .   (no gloves)
MR       .....                  (no boots)
Stlth    ..........             (no amulet)
HPRegen  0.14/turn              (no ring)
MPRegen  0.10/turn              (no ring)

@: mighty
A: negative energy resistance 1, electricity resistance, unbreathing,
petrification resistance, rot immunity, AC +4
a: no special abilities


You were on level 4 of the Dungeon.
You were not hungry.

You visited 1 branch of the dungeon, and saw 4 of its levels.
You also visited: Ossuary.

You collected 191 gold pieces.

Inventory:

Hand Weapons
 a - a +0 flail (weapon)
Armour
 b - a +0 scale mail (worn)
 c - a +0 shield (worn)
 l - a +1 pair of boots
Jewellery
 w - a cursed ring of attention {unknown}
Wands
 n - a wand of iceblast (13)
Scrolls
 e - 2 scrolls of enchant armour {unknown}
 g - 5 scrolls of teleportation {unknown}
 h - a scroll of fear {unknown}
 i - 3 scrolls of identify {unknown}
 j - 2 scrolls of remove curse {unknown}
 m - 3 scrolls of amnesia {unknown}
 t - a scroll of brand weapon {unknown}
 v - a scroll of fog {unknown}
 x - a scroll of magic mapping {unknown}
Potions
 d - 2 potions of might
 k - a potion of haste {unknown}
 o - a potion of magic {unknown}
 p - 2 potions of resistance {unknown}
 q - 3 potions of curing {unknown}
 r - a potion of degeneration {unknown}
 s - 2 potions of agility {unknown}
 u - 2 potions of flight {unknown}
Comestibles
 f - 8 rations


   Skills:
 + Level 4.9 Fighting
 * Level 5.1 Maces & Flails
 + Level 4.9 Armour
 + Level 5.0 Shields


You had 6 spell levels left.
You didn't know any spells.
Your spell library was empty.

Dungeon Overview and Level Annotations

Branches:
Dungeon (4/15)
 Temple: D:4-7

Altars:
Kikubaaqudgha
Ru
Vehumet
Wu Jian


Innate Abilities, Weirdness & Mutations

You are resistant to torment.
Your stone body is resilient. (AC +4)
You are immune to poison.
You resist negative energy. (rN+)
You are resistant to electric shocks. (rElec)
You can survive without breathing.
You are immune to petrification.
You are immune to rotting.


Message History

Beogh smites you!
* * * LOW HITPOINT WARNING * * *
You block the goblin's attack.
You feel very mighty all of a sudden. You block Robin's attack.
The goblin hits you but does no damage.
You hit Robin.
You kill Robin!
The goblin hits you but does no damage.
You barely miss the hobgoblin.
The hobgoblin hits you but does no damage.
The goblin barely misses you.
You closely miss the goblin.
The hobgoblin hits you but does no damage.
You block the goblin's attack.
You miss the goblin. You block the hobgoblin's attack.
The goblin hits you with a +0 club.
* * * LOW HITPOINT WARNING * * *
The orc priest invokes the aid of Beogh against you.
Beogh smites you!
You die...

###.#.##
#......####
#.........+
#......####
##.##.##
#.#### #.#
#g# #@# #g#
#o# #o#


#go #.## ... ... ... You could see 2 orc priests, an orc, a hobgoblin and 2
goblins.

Vanquished Creatures
  3 water moccasin zombies (Ossuary)
  A howler monkey (D:4)
  A hound (D:4)
  An orc wizard (D:3)
  4 big kobold zombies (Ossuary)
  2 mummies (Ossuary)
  Robin (D:4)
  3 adders
  An ooze (D:3)
  5 adder zombies
  5 dart slugs
  A leopard gecko (D:1)
  20 orcs
  2 ball pythons
  2 giant cockroaches (D:1)
  13 goblins
  5 hobgoblins
  7 jackals
  9 kobolds
  A quokka (D:2)
  8 bats
  6 frilled lizards
  9 hobgoblin zombies (Ossuary)
  4 kobold zombies (Ossuary)
  5 orc zombies (Ossuary)
  10 rats
129 creatures vanquished.

Notes
Turn   | Place    | Note
-------+----------+-------------------------------------------
     0 | D:1      | Mrkan the Gargoyle Fighter began the quest for the Orb.
     0 | D:1      | Reached XP level 1. HP: 14/14 MP: 1/1
    68 | D:1      | Reached XP level 2. HP: 11/19 MP: 2/2
   469 | D:1      | Reached XP level 3. HP: 22/23 MP: 3/3
  1304 | D:2      | Found a faded altar of an unknown god.
  1554 | D:2      | Reached XP level 4. HP: 27/29 MP: 4/4
  2053 | D:3      | Found a radiant altar of Vehumet.
  2074 | D:3      | Reached XP level 5. HP: 33/33 MP: 5/5
  2113 | D:3      | Found a sacrificial altar of Ru.
  2867 | D:4      | Found a sand-covered staircase.
  2877 | D:4      | Reached XP level 6. HP: 31/38 MP: 6/6
  2900 | Ossuary  | Entered an ossuary
  3136 | Ossuary  | Reached XP level 7. HP: 42/44 MP: 7/7
  3173 | Ossuary  | Reached skill level 5 in Maces & Flails
  3410 | D:4      | Found an ancient bone altar of Kikubaaqudgha.
  3410 | D:4      | Found an ornate altar of the Wu Jian Council.
  3523 | D:4      | Reached skill level 5 in Shields
  3558 | D:4      | Noticed Robin
  3605 | D:4      | Killed Robin
  3608 | D:4      | Killed from afar by an orc priest

Skill      XL: |  1  2  3  4  5  6  7 |
---------------+----------------------+-----
Maces & Flails | 3 4 5 |  5.1
Shields        | 4 5 |  5.0
Fighting       | 4 |  4.9
Armour         | 4 |  4.9

Action                   |  1- 3 |  4- 6 |  7- 9 || total
-------------------------+-------+-------+-------++-------
Melee: Flail             |   184 |   358 |    91 ||   633
  Use: Potion            |       |       |     1 ||     1
  Eat: Chunk             |     2 |     5 |       ||     7
       Ration            |       |       |     1 ||     1
Armor: Scale mail        |   154 |   184 |    49 ||   387
Dodge: Dodged            |    72 |   108 |    16 ||   196
Block: Shield            |   140 |   181 |    57 ||   378
